AoeStats
← wolololigma

Fortress

508575180Analyzed
3v3 RM · 8d ago on Sep 23, 2026· 58m 8s· 6 players
Game mode
Random Map
Map size
Large (8 player)
Population
200
Speed
Normal
Resources
Standard
Victory
Conquest
Starting age
Dark Age
Ending age
Imperial Age
RankedLock teamsTeams togetherTeam positionsShared explorationLock speedFull tech treeHidden civsTurbo modeCheats
Victory
Defeat
🇺🇸 Danes · United States
1141
+12
🇺🇸 Ethiopians · United States
1026
+17
🇺🇸 Saxons · United States
1000
+17
🇲🇽 Teutons · Mexico
1086
-18
🇺🇸 Romans · United States
1019
-14
🇨🇳 Khmer · China
1018
-14
drewhettinga
6:00 Loom
8:16 Feudal Age
8:49 Double-Bit Axe
8:48 Horse Collar
8:47 Man-at-Arms
10:01 Gold Mining
11:15 Wheelbarrow
13:13 Town Watch
16:14 Castle Age
14:27 Stone Mining
14:57 Scale Mail Armor
17:08 Bow Saw
16:26 Long Swordsman
17:25 Chain Mail Armor
17:33 Squires
17:47 Forging
19:36 Iron Casting
20:44 Fletching
21:22 Hand Cart
25:30 Ballistas
32:20 Imperial Age
30:08 Masonry
31:05 Heavy Plow
32:25 Ballistics
37:41 Chemistry
38:52 Legionary
39:01 Heavy Scorpion
43:53 Conscription
46:21 Comitatenses
48:23 Blast Furnace
48:49 Padded Archer Armor
48:45 Bodkin Arrow
50:46 Leather Archer Armor
49:55 Elite Skirmisher
52:53 Ring Archer Armor
borraznajera
0:29 Loom
7:58 Feudal Age
9:20 Wheelbarrow
8:31 Town Watch
8:35 Double-Bit Axe
8:33 Horse Collar
8:47 Gold Mining
16:03 Castle Age
14:51 Scale Barding Armor
15:00 Scale Mail Armor
15:02 Arson
15:53 Bloodlines
16:00 Stone Mining
16:40 Forging
22:16 Heavy Plow
23:19 Hand Cart
26:32 Bow Saw
29:22 Town Patrol
33:56 Imperial Age
32:20 Chain Mail Armor
32:40 Iron Casting
34:02 Ironclad
35:02 Crenellations
34:14 Sappers
36:34 Stone Shaft Mining
36:38 Conscription
37:00 Hoardings
37:40 Two-Man Saw
37:28 Chain Mail Armor
37:49 Iron Casting
37:35 Heavy Plow
37:43 Elite Teutonic Knight
39:10 Plate Mail Armor
39:01 Chain Barding Armor
39:18 Crop Rotation
40:38 Blast Furnace
43:10 Chemistry
42:01 Heated Shot
43:31 Ballistics
43:01 Guard Tower
43:23 Masonry
43:18 Siege Engineers
43:24 Fortified Wall
43:12 Cavalier
44:18 Chain Barding Armor
43:58 Padded Archer Armor
43:49 Fletching
45:47 Keep
46:06 Guilds
46:00 Caravan
46:32 Coinage
47:00 Paladin
DEEPSKY
9:33 Feudal Age
10:11 Horse Collar
10:21 Double-Bit Axe
12:54 Castle Age
20:08 Gold Mining
25:56 Heavy Plow
26:14 Bow Saw
30:34 Imperial Age
28:49 Wheelbarrow
28:56 Bloodlines
28:47 Husbandry
28:08 Light Cavalry
30:36 Forging
30:31 Scale Barding Armor
31:24 Tusk Swords
31:45 Conscription
30:49 Elite Battle Elephant
33:31 Chain Barding Armor
33:46 Iron Casting
33:45 Hussar
35:59 Plate Barding Armor
39:38 Blast Furnace
38:09 Capped Ram
Squatch360
7:15 Feudal Age
10:57 Castle Age
9:11 Double-Bit Axe
9:30 Horse Collar
10:17 Scale Mail Armor
10:58 Forging
12:25 Bow Saw
14:30 Loom
17:32 Arson
17:48 Squires
19:37 Wheelbarrow
20:57 Hand Cart
21:01 Hamask
27:35 Imperial Age
26:33 Iron Casting
28:35 Chain Mail Armor
28:19 Onager
29:22 Northmen's Fury
32:03 Plate Mail Armor
32:20 Siege Onager
33:20 Elite Jomsviking
37:28 Ballistics
39:09 Blast Furnace
39:25 Masonry
39:54 Murder Holes
42:45 Heavy Plow
44:24 Fletching
46:10 Siege Engineers
45:35 Capped Ram
48:45 Siege Ram
50:39 Conscription
50:39 Bodkin Arrow
50:44 Padded Archer Armor
52:03 Gambesons
53:24 Chemistry
52:31 Caravan
52:28 Heavy Scorpion
StickyFingers69
4:10 Loom
7:26 Feudal Age
11:49 Castle Age
10:31 Double-Bit Axe
10:50 Horse Collar
11:08 Gold Mining
13:00 Horse Collar
16:29 Bow Saw
16:53 Stone Mining
22:08 Scale Mail Armor
22:10 Fletching
24:49 Wheelbarrow
26:12 Bodkin Arrow
27:58 Heavy Plow
28:08 Padded Archer Armor
28:49 Thumb Ring
29:49 Hand Cart
29:53 Town Watch
33:13 Imperial Age
30:49 Town Patrol
35:06 Conscription
34:22 Cranequins
36:01 Heavy Mounted Crossbowman
37:40 Gold Shaft Mining
37:07 Heavy Plow
37:25 Leather Archer Armor
37:35 Ballistics
39:23 Chemistry
39:52 Bloodlines
39:44 Husbandry
39:46 Bracer
42:55 Ring Archer Armor
47:21 Coinage
47:03 Guilds
46:55 Caravan
wolololigma
1:45 Loom
8:12 Feudal Age
12:05 Castle Age
10:48 Double-Bit Axe
11:34 Horse Collar
13:06 Bow Saw
14:04 Wheelbarrow
17:35 Heavy Plow
18:44 Gold Mining
23:06 Imperial Age
22:29 Arson
26:11 Conscription
28:25 Ballistics
29:08 Squires
34:03 Forging
33:54 Scale Mail Armor
33:44 Fletching
37:58 Iron Casting
37:39 Chain Mail Armor
37:31 Royal Heirs
38:19 Elite Shotel Warrior
44:24 Crossbowman
45:10 Thumb Ring
46:03 Arbalester
51:38 Fletching
51:48 Padded Archer Armor
52:49 Blast Furnace
52:19 Plate Mail Armor
52:36 Hand Cart
53:23 Two-Man Saw
53:41 Siege Engineers
53:36 Bodkin Arrow
53:56 Leather Archer Armor
Connection lost

Rejoining the realm…

Still unreachable

The connection could not be restored.

Session expired

The server has moved on; the page needs a fresh start.